 Dungeon Crawl Stone Soup version 0.18.1-8-gdd0e5ea (webtiles) character file.

4813 Firecrotchwizard the Carver (level 10, -14/88 HPs)
             Began as a Mottled Draconian Berserker on June 12, 2016.
             Was an Elder of Trog.
             Killed from afar by Harold (24 damage)
             ... with a bolt of fire
             ... on level 1 of the Orcish Mines.
             The game lasted 00:35:04 (7887 turns).

Firecrotchwizard the Carver (DrBe)                  Turns: 7887, Time: 00:35:04

Health: -14/88     AC: 11    Str: 25    XL:     10   Next: 24%
Magic:  9/9        EV: 21    Int:  5    God:    Trog [****..]
Gold:   452        SH:  0    Dex: 11    Spells: 0 memorised, 9 levels left

rFire  . . .     SeeInvis .     q - +1 great sword (slice)
rCold  . . .     Gourm    .     (armour unavailable)
rNeg   + . .     Faith    .     (shield currently unavailable)
rPois  .         Spirit   .     (helmet restricted)
rElec  .         Dismiss  .     z - +2 cloak
rCorr  .         Reflect  .     (no gloves)
SustAt .         Harm     .     K - +0 pair of boots
MR     ++...                    G - amulet of regeneration
Stlth  ++........               N - ring of positive energy
                                i - +5 ring of evasion

@: regenerating, very resistant to hostile enchantments, unstealthy
A: breathe sticky flame splash, unfitting armour, hooves 1, blink, dopey 1, low
mp 1, strong 1, cold-blooded, AC +7
a: Breathe Sticky Flame, Blink, Berserk, Trog's Hand, Brothers in Arms, Burn
Spellbooks, Renounce Religion


You were on level 1 of the Orcish Mines.
You worshipped Trog.
Trog was greatly pleased with you.
You were not hungry.

You visited 2 branches of the dungeon, and saw 10 of its levels.

You collected 452 gold pieces.

Inventory:

Hand Weapons
 a - a +0 falchion
 g - a +4 hunting sling of freezing
 p - a +1 short sword
 q - a +1 great sword of slicing (weapon)
 v - a +4 quarterstaff of draining
 w - a +2 dagger of flaming
 E - a +2 flail of protection
 H - a +1 mace of pain
Armour
 z - a +2 cloak (worn)
 K - a +0 pair of boots (worn)
Jewellery
 i - a +5 ring of evasion (left hand)
 G - an amulet of regeneration (around neck)
 N - a ring of positive energy (right hand)
Wands
 x - a wand of acid (1/15)
 C - a wand of iceblast (6/15)
Scrolls
 c - 4 scrolls of identify
 d - 11 scrolls of teleportation
 e - 4 scrolls of remove curse
 j - 2 scrolls of magic mapping
 m - a scroll of enchant armour
 t - a scroll of amnesia {unknown}
 u - 2 scrolls of random uselessness {unknown}
 y - a scroll of recharging {unknown}
 B - 5 scrolls of fog {unknown}
 D - 3 scrolls of blinking
 I - a scroll of immolation {unknown}
 L - a scroll of noise {unknown}
 M - 2 scrolls of fear {unknown}
Potions
 h - a potion of heal wounds
 l - a potion of might {unknown}
 n - a potion of degeneration {unknown}
 o - 4 potions of curing
 r - 2 potions of berserk rage {unknown}
 A - a potion of ambrosia {unknown}
 F - a potion of cure mutation {unknown}
 J - a potion of resistance {unknown}
Comestibles
 b - 4 bread rations
 f - 2 slices of pizza
 k - 19 fruits
 s - 2 meat rations
 O - a beef jerky


   Skills:
 + Level 8.2 Fighting
 + Level 9.2 Long Blades
 + Level 9.0 Dodging
 + Level 4.3 Stealth


You had 9 spell levels left.
You didn't know any spells.

Dungeon Overview and Level Annotations

Branches:
Dungeon (9/15)             Temple (0/1) D:5            Lair (0/8) D:8
    Orc (1/2) D:9

Altars:
Cheibriados
Dithmenos
Elyvilon
Makhleb
Pakellas
Qazlal
Ru
Sif Muna
Trog
Yredelemnul
Zin
The Shining One

Shops:
D:6 *

Annotations:
Orc:1 Harold


Innate Abilities, Weirdness & Mutations

You can spit globs of burning liquid.
You can ignite nearby creatures when you spit burning liquid.
Your weird mottled scales are hard (AC +7).
Your body does not fit into most forms of armour.
You are cold-blooded and may be slowed by cold attacks.
You have large cloven feet.
You can translocate small distances at will.
You are dopey. (Int -2)
Your magical capacity is low (-10% MP).
Your muscles are strong. (Str +2)


Message History

The warg bites you. The orc misses you. Harold casts a spell at you.
The bolt of fire hits you! The orc completely misses you.
You closely miss the orc.
Your tail-slap misses the orc.
You feel the effects of Trog's Hand fading.
The warg barely misses you. The orc misses you. The orc closely misses you.
The warg barely misses you. The orc misses you. The orc completely misses you.
You barely miss the warg.
Your tail-slap misses the warg.
The warg completely misses you.
Harold points at you and mumbles some strange words.
The bolt of fire hits you!
* * * LOW HITPOINT WARNING * * *
The orc misses you. The orc completely misses you.
The orc hits you but does no damage.
You don't know any spells.
Your ogre goes berserk!
You feel somewhat more hungry. The warg barely misses you.
Harold points at you and mumbles some strange words.
The bolt of fire hits you!
You die...

.....###
##....#.##
..@.....#
##...$...#
#.#......#
.......##
#.#..o...##.#
#Oh@o^......
.....#.#o......#
.## ##.........
..o...#....
#...........#
...o..........
.......>.......
....#..>...$.$.
...#...........


You could see Harold, a warg, 3 orcs and a friendly ogre (berserk).

Vanquished Creatures
  Joseph (D:8)
  Maurice (D:8)
  A spriggan (D:7)
  The ghost of Elysium the Skirmisher, an amateur MiBe of Trog (D:4)
  A wyvern (D:7)
  A hungry ghost (D:8)
  3 ice beasts
  3 sky beasts
  A black bear (D:8)
  6 orc warriors
  A phantom (D:8)
  2 centaurs
  5 ogres
  A giant frog (D:6)
  A scorpion (D:5)
  4 killer bees (D:7)
  4 wights (D:3)
  A howler monkey (D:6)
  3 jellies
  5 crimson imps
  4 orc priests
  A hound (D:8)
  10 orc wizards
  A giant frog skeleton (D:7)
  4 iguanas
  2 worker ants
  A killer bee zombie (D:6)
  A sheep (D:8)
  A hound skeleton (D:6)
  A howler monkey skeleton (D:5)
  4 gnolls (D:3)
  15 adders
  An ooze (D:1)
  An adder skeleton (D:9)
  5 worms
  2 dart slugs
  3 giant geckos
  45 orcs
  10 bats
  4 giant cockroaches
  9 goblins
  7 hobgoblins
  13 jackals
  9 kobolds
  6 quokkas
  A ball python (D:4)
  6 giant newts
  A quokka skeleton (D:6)
  13 rats
227 creatures vanquished.

Notes
Turn   | Place    | Note
--------------------------------------------------------------
     0 | D:1      | Firecrotchwizard the Draconian Berserker began the quest for the Orb.
     0 | D:1      | Reached XP level 1. HP: 19/19 MP: 1/1
   177 | D:1      | Reached XP level 2. HP: 25/26 MP: 2/2
   526 | D:1      | Reached ** piety under Trog
   744 | D:2      | Reached XP level 3. HP: 25/33 MP: 3/3
  1132 | D:2      | Reached XP level 4. HP: 29/40 MP: 4/4
  1497 | D:2      | Reached *** piety under Trog
  1677 | D:2      | Found a basalt altar of Yredelemnul.
  1677 | D:2      | Found a deep blue altar of Sif Muna.
  1678 | D:2      | Found a snail-covered altar of Cheibriados.
  2029 | D:3      | HP: 2/40 [gnoll/spear (8)]
  2032 | D:3      | Reached XP level 5. HP: 8/46 MP: 5/5
  2035 | D:3      | HP: 2/46 [gnoll/spear (7)]
  2629 | D:3      | Reached XP level 6. HP: 34/53 MP: 6/6
  3060 | D:3      | Found an oddly glowing altar of Pakellas.
  3181 | D:3      | Reached skill level 1 in Stealth
  3316 | D:3      | Found a bloodstained altar of Trog.
  3316 | D:3      | Found a sacrificial altar of Ru.
  3451 | D:4      | Reached skill level 5 in Fighting
  3451 | D:4      | Reached skill level 5 in Long Blades
  3451 | D:4      | Reached skill level 5 in Dodging
  3508 | D:4      | Received a gift from Trog
  3511 | D:4      | Your scales start taking on a weird mottled colour.
  3511 | D:4      | Reached XP level 7. HP: 55/61 MP: 7/7
  3767 | D:4      | Reached **** piety under Trog
  3843 | D:4      | Noticed Elysium's ghost (amateur MiBe)
  3860 | D:4      | Killed Elysium's ghost
  4205 | D:5      | Entered Level 5 of the Dungeon
  4207 | D:5      | Found a staircase to the Ecumenical Temple.
  4421 | D:5      | Found a glowing silver altar of Zin.
  4449 | D:5      | Reached XP level 8. HP: 70/70 MP: 8/8
  4527 | D:5      | Found a shadowy altar of Dithmenos.
  5381 | D:6      | Found Xionykk's Assorted Antiques.
  5414 | D:6      | Found a burning altar of Makhleb.
  5765 | D:7      | Found a white marble altar of Elyvilon.
  5881 | D:7      | Found a stormy altar of Qazlal.
  5972 | D:7      | Reached XP level 9. HP: 78/78 MP: 9/9
  6706 | D:8      | Found a glowing golden altar of the Shining One.
  6754 | D:8      | Noticed Joseph
  6755 | D:8      | Noticed Maurice
  6761 | D:8      | Killed Joseph
  6958 | D:8      | Found a staircase to the Lair.
  7370 | D:8      | Killed Maurice
  7370 | D:8      | Reached XP level 10. HP: 88/88 MP: 10/10
  7783 | D:9      | Reached ***** piety under Trog
  7816 | D:9      | Gained mutation: Your muscles are strong. (Str +2) [mutagenic meat]
  7817 | D:9      | Gained mutation: You can translocate small distances at will. [mutagenic meat]
  7818 | D:9      | Gained mutation: You are dopey. (Int -2) [mutagenic meat]
  7819 | D:9      | Gained mutation: Your magical capacity is low (-10% MP). [mutagenic meat]
  7820 | D:9      | Gained mutation: You have large cloven feet. [mutagenic meat]
  7849 | D:9      | Found a staircase to the Orcish Mines.
  7858 | Orc:1    | Entered Level 1 of the Orcish Mines
  7858 | Orc:1    | Noticed Harold
  7887 | Orc:1    | Killed from afar by Harold

Skill      XL: |  1  2  3  4  5  6  7  8  9 10 |
---------------+-------------------------------+-----
Dodging        | 3 4 5 6 8 9 |  9.0
Long Blades    | 4 5 6 7 8 9 |  9.2
Fighting       | 4 5 6 8 |  8.2
Stealth        | 1 2 3 4 |  4.3

Action                   |  1- 3 |  4- 6 |  7- 9 | 10-12 || total
-------------------------+-------+-------+-------+-------++-------
Melee: Falchion          |   105 |   187 |       |       ||   292
       Tailslap          |    12 |    25 |    41 |     7 ||    85
       Great sword       |       |    21 |   311 |    80 ||   412
       Unarmed           |       |       |     5 |       ||     5
Invok: Trog's Hand       |       |     1 |     4 |     2 ||     7
       Berserk           |       |       |     2 |       ||     2
       Brothers in Arms  |       |       |       |     1 ||     1
 Abil: Breathe Sticky Fl |       |       |     2 |     1 ||     3
  Use: Scroll            |     1 |     3 |     4 |       ||     8
       Potion            |       |     1 |     1 |       ||     2
 Stab: Sleeping          |       |     1 |     9 |     2 ||    12
  Eat: Meat ration       |       |     1 |     1 |       ||     2
       Bread ration      |       |     1 |     3 |       ||     4
       Fruit             |       |       |     3 |       ||     3
       Chunk             |       |       |       |     5 ||     5
Armor: Skin              |    49 |    40 |    71 |    15 ||   175
Dodge: Dodged            |    93 |   197 |   370 |   110 ||   770
